 Seeded DCSS version 0.31-a0-271-gb88eb75e06 (webtiles) character file.

Game seed: 14215367866634240820 (custom seed)

5 innerfire43 the Trooper (level 1, 0/18 HPs)
             Began as a Demonspawn Monk on July 14, 2023.
             Slain by a quokka (4 damage)
             ... on level 1 of the Dungeon.
             The game lasted 00:00:07 (52 turns).

innerfire43 the Trooper (Demonspawn Monk)             Turns: 52, Time: 00:00:08

Health: 0/18       AC:  2    Str: 11    XL:     1   Next: 66%
Magic:  1/1        EV: 13    Int: 11    God:
Gold:   7          SH:  0    Dex: 15    Spells: 0/0 levels left

rFire   . . .        a - +0 hand axe
rCold   . . .        d - orb {light}
rNeg    . . .        b - +0 robe
rPois   .            (no helmet)
rElec   .            (no cloak)
rCorr   .            (no gloves)
SInv    .            (no boots)
Will    .....        (no amulet)
Stlth   +            (no ring)
HPRegen 0.23/turn    (no ring)
MPRegen 0.07/turn

%: no passive effects
@: confused, ambrosia-drunk, glowing
A: no striking features
a: no special abilities


You were on level 1 of the Dungeon.
You visited 1 branch of the dungeon, and saw 1 of its levels.

You collected 7 gold pieces.

Inventory:

Hand Weapons
 a - a +0 hand axe (weapon)
Armour
 b - a +0 robe (worn)
 d - an orb of light (worn)
Scrolls
 e - a scroll of enchant weapon {unknown}


   Skills:
 + Level 3.1 Fighting
 + Level 2.8 Axes
 + Level 2.8 Dodging


You couldn't memorise any spells.
You didn't know any spells.
Your spell library was empty.

Dungeon Overview and Level Annotations

Branches:
Dungeon (1/15)

Altars:


Message History

You hit the jackal but do no damage. The ball python closely misses you.
The ball python constricts you.
The jackal bites you but does no damage.
The quokka bites you.
A jackal comes into view.
Unknown command.
The jackal barks!
You hit the quokka.
The quokka is moderately wounded.
You hit the ball python but do no damage.
You hit the jackal but do no damage. The ball python barely misses you.
The ball python constricts you. The jackal barely misses you.
The quokka bites you.
You barely miss the quokka.
The quokka is moderately wounded.
You hit the jackal. You barely miss the ball python. The jackal bites you.
The ball python closely misses you. The ball python constricts you.
The quokka barely misses you.
The jackal bites you but does no damage.
The ball python bites you. The ball python constricts you.
The quokka barely misses you.
You barely miss the quokka.
The quokka is moderately wounded.
You hit the ball python. You hit the jackal but do no damage.
The jackal misses you. The ball python bites you.
The ball python constricts you. The quokka bites you.
* * * LOW HITPOINT WARNING * * *
The jackal barely misses you.
You hit the quokka but do no damage.
The quokka is moderately wounded.
You hit the jackal.
You kill the jackal!
You hit the ball python but do no damage.
The ball python bites you but does no damage.
The ball python constricts you.
The quokka bites you but does no damage.
You escape the ball python's grasp.
The quokka misses you.
You are confused.
You feel invigorated. The quokka bites you.
You die...

#.# ............
#.##............ . #
#....~~~~≈~≈~~~~ .. #.
#....≈≈≈~≈≈≈≈≈≈≈ [. #.
#...(~~≈≈≈≈≈≈≈≈≈
###.#.###....~≈≈#+#'#≈≈≈
......g......~≈≈+(..##'#
.....hrS.....≈≈≈+...#...
P....h#@##...~≈≈#'#'#.##
P.... #.##....~≈≈≈#...#.
..P. ..##..⌠..~≈~'.⌠.'.
♣.. ...##..⌠..≈~≈'.⌠.'.
♣. ....##....~≈≈≈#...#.
. ##...##...~~≈#+###.##
#........≈≈≈+ +...
....#....~≈≈+ ##+#
.......~~≈#


You could see a quokka, a jackal, a goblin and a ball python.

Vanquished Creatures
  A goblin (D:1)
  2 jackals (D:1)
  A frilled lizard (D:1)
  A rat (D:1)
5 creatures vanquished.

Notes
Turn   | Place    | Note
-------+----------+-------------------------------------------
     0 | D:1      | innerfire43 the Demonspawn Monk began the quest for the
                  | Orb.
     0 | D:1      | Reached XP level 1. HP: 18/18 MP: 1/1
    52 | D:1      | Slain by a quokka

Illustrated notes

Levels and vault maps discovered:
D:1:      dpeg_arrival_castle, layout_basic, serial_forest,
          infiniplex_forest_straight_2, infiniplex_forest_straight_3,
          infiniplex_forest_clump_double, infiniplex_forest_lined_1,
          infiniplex_forest_clump_small, infiniplex_forest_straight_2,
          infiniplex_forest_lined_3_way

Action                     || total
---------------------------++-------
  Melee: Hand axe          ||    10
    Use: Potion            ||     1
 Armour: Robe              ||     6
  Dodge: Dodged            ||    14

Table legend: (Time is in decaauts)
 A = Elapsed time spent in this place.
 B = Non-inter-level travel time spent in this place.
 C = Inter-level travel time spent in this place.
 D = Time resting spent in this place.
 E = Time spent auto-exploring this place.
 F = Levels seen in this place.
 G = Mean time per level.
                   A        B        C        D        E       F      G
               +--------+--------+--------+--------+--------+-----+--------+
         Total |     55 |     55 |      0 |      0 |     36 |   1 |   55.0 |
       Dungeon |     55 |     55 |      0 |      0 |     36 |   1 |   55.0 |
               +--------+--------+--------+--------+--------+-----+--------+

Top non-repeatable levels by time:
     D:1: 55 daAuts
